 Dungeon Crawl Stone Soup version 0.25-a0-398-g1920f1ac21 (console) character file.

Game seed: 11399177061010079982, levelgen mode: deterministic

41 Kagalorn the Sneak (level 3, -1/31 HPs)
             Began as a Naga Arcane Marksman on Jan 8, 2020.
             Slain by a goblin (6 damage)
             ... led by Robin
             ... on level 2 of the Dungeon.
             The game lasted 00:03:13 (1042 turns).

Kagalorn the Sneak (Naga Arcane Marksman)           Turns: 1042, Time: 00:03:13

Health: -1/31      AC:  2    Str: 13    XL:     3   Next: 52%
Magic:  4/4        EV: 10    Int: 13    God:
Gold:   51         SH:  0    Dex: 11    Spells: 3/4 levels left

rFire    . . .     SeeInvis +   a - +0 shortbow
rCold    . . .     Gourm    .   (shield currently unavailable)
rNeg     . . .     Faith    .   e - +0 robe
rPois    +         Spirit   .   (no helmet)
rElec    .         Reflect  .   (no cloak)
rCorr    .         Harm     .   (no gloves)
MR       .....                  (no barding)
Stlth    +++.......             (no amulet)
HPRegen  0.10/turn              (no ring)
MPRegen  0.09/turn              (no ring)

@: very slow
A: large, see invisible, deformed body, poison resistance, slowness 2, slow
metabolism 1, spit poison 1, AC +1
a: Spit Poison


You were on level 2 of the Dungeon.
You were not hungry.

You visited 1 branch of the dungeon, and saw 2 of its levels.

You collected 51 gold pieces.

Inventory:

Hand Weapons
 a - a +0 shortbow (weapon)
Missiles
 d - 13 arrows (quivered)
Armour
 e - a +0 robe (worn)
Jewellery
 j - an uncursed ring of poison resistance {unknown}
Scrolls
 b - a scroll of identify {unknown}
 h - 2 scrolls of remove curse {unknown}
 l - 2 scrolls of teleportation {unknown}
Potions
 g - 2 potions of flight {unknown}
 i - a potion of haste {unknown}
 k - a potion of agility {unknown}
 m - 2 potions of degeneration {unknown}
 n - a potion of curing {unknown}
 o - a potion of ambrosia {unknown}
Comestibles
 f - 3 rations


   Skills:
 - Level 1.0 Fighting
 - Level 1.7 Bows
 - Level 1.5 Dodging
 * Level 5.0 Stealth
 - Level 1.0 Spellcasting
 - Level 3.0 Hexes


You had 3 spell levels left.
You knew the following spells:

 Your Spells              Type           Power        Failure   Level  Hunger
a - Corona                Hex            #......      9%          1    ##.....

Your spell library contained the following spells:

 Spells                   Type           Power        Failure   Level  Hunger
 Slow                     Hex            #.......     12%         2    ###....
 Inner Flame              Hex/Fire       #.......     41%         3    ####...
 Portal Projectile        Hex/Tloc       #.....       41%         3    ####...
 Cause Fear               Hex            #.........   63%         4    #####..
 Leda's Liquefaction      Hex/Erth       #.........   83%         4    #####..


Dungeon Overview and Level Annotations

Branches:
Dungeon (2/15)

Altars:

Annotations:
D:2 Robin


Innate Abilities, Weirdness & Mutations

You cannot wear boots.
Your serpentine skin is tough. (AC +1)
You have supernaturally acute eyesight. (SInv)
Armour fits poorly on your strangely shaped body.
Your system is resistant to poisons. (rPois)
You cover ground very slowly.
You have a slow metabolism.
You can spit poison.


Message History

Aim: a goblin, wielding a +0 club (unusually strong)
You shoot an arrow. The arrow barely misses the goblin.
Robin throws the goblin at you! The goblin completely misses you.
The goblin hits you.
Really attack while wielding your +0 shortbow?
Okay, then.
Firing (i - inventory)
d - 15 arrows (quivered)
Press: ? - help, Shift-Dir - straight line, f/p - goblin
Aim: a goblin, wielding a +0 club (unusually strong)
You shoot an arrow. The arrow barely misses the goblin.
The goblin closely misses you. The goblin hits you with a +0 club.
Firing (i - inventory)
d - 14 arrows (quivered)
Press: ? - help, Shift-Dir - straight line, f - goblin, p - goblin
Aim: a goblin (unusually strong)
You shoot an arrow. The arrow barely misses the goblin.
The goblin hits you.
* * * LOW HITPOINT WARNING * * *
The goblin closely misses you.
Robin roars a battlecry!
The goblin hits you.
You die...

#(# #(## #g!. #g.# #..#
#..# #..# #########[.#
#....g@gg..####
##.######......#
########...######..##.###
#....>>........##.......#
#.###.##....##.###)##.#.#
#.......# #.##.#.#
#.###.###.### #.##.#.####
#.....###.#
#.###.........#.
#.#.....#
#....[..........


You could see Robin and 2 goblins.

Vanquished Creatures
  An ooze (D:1)
  A leopard gecko (D:1)
  3 bats (D:1)
  3 giant cockroaches (D:1)
  6 goblins
  5 hobgoblins
  4 jackals (D:1)
  A frilled lizard (D:1)
  A kobold (D:1)
  7 rats (D:1)
32 creatures vanquished.

Notes
Turn   | Place    | Note
-------+----------+-------------------------------------------
     0 | D:1      | Kagalorn the Naga Arcane Marksman began the quest for the
                  | Orb.
     0 | D:1      | Reached XP level 1. HP: 18/18 MP: 2/2
    74 | D:1      | Reached skill level 1 in Stealth
   101 | D:1      | Reached skill level 2 in Stealth
   147 | D:1      | Reached XP level 2. HP: 12/25 MP: 3/3
   188 | D:1      | Reached skill level 3 in Stealth
   363 | D:1      | Reached skill level 4 in Stealth
   371 | D:1      | Reached XP level 3. HP: 22/31 MP: 4/4
  1028 | D:2      | Reached skill level 5 in Stealth
  1031 | D:2      | Noticed Robin
  1042 | D:2      | Slain by a goblin

Levels and vault maps discovered:
D:1:      kilobyte_arrival_exit_the_forest, layout_loops_ring, st_stairs_10
D:2:      layout_loops_ring, uniq_natasha, uniq_robin

Skill      XL: |  1  2  3 |
---------------+----------+-----
Stealth        | 2 4 5 |  5.0
Fighting       | |  1.0
Bows           | |  1.7
Dodging        | |  1.5
Spellcasting   | |  1.0
Hexes          | |  3.0

Action                   || total
-------------------------++-------
Melee: Unarmed           ||    57
 Fire: Shortbow          ||     9
 Abil: Spit Poison       ||    39
  Eat: Chunk             ||     2
Armor: Robe              ||    18
Dodge: Dodged            ||    38

Table legend:
 A = Non-vault XP
 B = Vault XP
 C = Vault XP percentage of total XP
 D = Non-vault monster count
 E = Vault monster count
 F = Vault count percentage of total count
                 A         B        C        D         E       F
            +---------+---------+-------+---------+---------+-------
      Total |      54 |       5 |   8.5 |      29 |       3 |   9.4
            +---------+---------+-------+---------+---------+-------
        D:1 |      50 |       5 |   9.1 |      27 |       3 |  10.0
        D:2 |       4 |       0 |   0.0 |       2 |       0 |   0.0
            +---------+---------+-------+---------+---------+-------
